 Dungeon Crawl Stone Soup version 0.29.0-4-gdea44cf6ec (webtiles) character file.

Game seed: 3666938236095573288

176 qw the Ruffian (level 5, 0/41 HPs)
             Began as a Ghoul Fire Elementalist on Aug 29, 2022.
             Slain by an orc wizard
             ... wielding a +0 dagger
              (3 damage)
             ... on level 4 of the Dungeon.
             The game lasted 00:02:27 (2687 turns).

qw the Ruffian (Ghoul Fire Elementalist)            Turns: 2687, Time: 00:02:27

Health: 0/41       AC:  9    Str: 14    XL:     5   Next: 56%
Magic:  6/6        EV: 10    Int: 10    God:
Gold:   110        SH:  0    Dex:  9    Spells: 6/7 levels left

rFire   . . .      SeeInvis .     - Unarmed
rCold   + . .      Faith    .   i - +0 buckler
rNeg    + + +      Spirit   .   d - +4 ring mail
rPois   inf        Reflect  .   (no helmet)
rElec   .          Harm     .   (no cloak)
rCorr   .          Rampage  .   (no gloves)
Will    .....                   (no boots)
Stlth   ..........              (no amulet)
HPRegen 0.00/turn               (no ring)
MPRegen 0.10/turn               (no ring)

@: confused, inhibited regen
A: claws 1, cold resistance 1, negative energy resistance 3, inhibited
regeneration, torment resistance 2, devour on kill
a: no special abilities


You were on level 4 of the Dungeon.
You visited 1 branch of the dungeon, and saw 4 of its levels.

You collected 110 gold pieces.


Innate Abilities, Weirdness & Mutations

You are immune to poison.
You have sharp fingernails.
Your flesh is cold resistant. (rC+)
You are immune to negative energy. (rN+++)
You do not regenerate when monsters are visible.
You are immune to unholy pain and torment.
You thrive by killing the living.


   Skills:
 - Level 2.0 Fighting
 - Level 1.7 Dodging
 - Level 2.1 Stealth
 - Level 1.3 Shields
 + Level 4.6 Unarmed Combat
 - Level 1.7 Spellcasting
 - Level 0.7 Conjurations
 - Level 2.4 Fire Magic


You had 6 spell levels left.
You knew the following spells:

 Your Spells              Type           Power      Damage    Failure   Level
a - Foxfire               Conj/Fire      16%        2x1d4     43%         1

Your spell library contained the following spells:

 Spells                   Type           Power      Damage    Failure   Level
 Scorch                   Fire           10%        2d5       45%         2
 Conjure Flame            Conj/Fire      4%         6-21      80%         3
 Inner Flame              Hex/Fire       3%         N/A       86%         3
 Flame Wave               Conj/Fire      4%         2d5       99%         4

Inventory:

Armour
 d - a +4 ring mail (worn)
 i - a +0 buckler (worn)
Potions
 a - a potion of mutation {unknown}
 c - a potion of ambrosia {unknown}

Dungeon Overview and Level Annotations

Branches:
Dungeon (4/15)
 Temple: D:4-7

Altars:
Dithmenos
Nemelex Xobeh
Uskayaw

Shops:
D:1 [


Message History

You feel better.
You closely miss the jackal. The jackal closely misses you.
Something hits you but does no damage.
A kobold comes into view. It is wielding a +0 short sword.
The jackal barely misses you.
You barely miss the jackal. The jackal bites you.
Something hits you but does no damage.
You scratch the jackal.
The jackal is moderately wounded.
The jackal misses you.
You hear some strange, mumbled words.
A magic dart appears from out of thin air!
The magic dart hits you.
You closely miss the jackal.
The jackal is moderately wounded.
The jackal bites you but does no damage.
You block the jackal's attack. Something hits you but does no damage.
You closely miss the jackal.
The jackal is lightly wounded.
The jackal bites you but does no damage.
Something hits you but does no damage.
You claw the jackal!
You kill the jackal!
Something hits you.
You completely miss the jackal. The jackal barely misses you. x2
You completely miss the jackal. Something hits you but does no damage.
You block the jackal's attack.
You barely miss the jackal. The jackal closely misses you. Something hits you.
You scratch the jackal.
The jackal is moderately wounded.
You block the jackal's attack.
You hear some strange, mumbled words.
You are confused.
The jackal bites you but does no damage.
You closely miss the jackal.
The jackal is moderately wounded.
Something hits you.
You die...

.#.......#.##.......##.
...........##........##
.......................
..............###.....#
.......!...).## .#####
#......## # ##.Kh.##
###h{# #@## ###


You could see 2 jackals and a kobold.

Vanquished Creatures
  An orc priest (D:4)
  An orc wizard (D:4)
  4 gnolls
  4 dart slugs
  8 orcs
  4 ball pythons
  5 endoplasms
  4 giant cockroaches
  2 goblins
  7 hobgoblins
  9 jackals
  3 kobolds
  2 quokkas
  6 bats
  3 rats
63 creatures vanquished.

Notes
Turn   | Place    | Note
-------+----------+-------------------------------------------
     0 | D:1      | qw the Ghoul Fire Elementalist began the quest for the Orb.
     0 | D:1      | Reached XP level 1. HP: 14/14 MP: 2/2
     0 | D:1      | 0 ||| qw: Version: 0.1-a-90-g952f4b7
     0 | D:1      | 0 ||| qw: Game counter: 3830
     0 | D:1      | 0 ||| qw: Always use a shield: true
     0 | D:1      | 0 ||| qw: God list: Okawaru
     0 | D:1      | 0 ||| qw: Allow faded altars: false
     0 | D:1      | 0 ||| qw: Do Orc after D:15 true
     0 | D:1      | 0 ||| qw: Do second Lair branch before Depths: true
     0 | D:1      | 0 ||| qw: Lair rune preference: random
     0 | D:1      | 0 ||| qw: Plans: Normal
     0 | D:1      | 0 ||| PLANNING D:1-11
   219 | D:1      | Reached skill level 1 in Unarmed Combat
   242 | D:1      | Found Yrchod's Armour Shoppe.
   247 | D:1      | 247 ||| SHOPLISTING +0 chain mail (49 gold, have 31).
   247 | D:1      | 247 ||| SHOPLISTING +0 ring mail (44 gold, have 31).
   247 | D:1      | 247 ||| SHOPLISTING +0 scale mail (44 gold, have 31).
   247 | D:1      | 247 ||| SHOPLISTING +10 plate armour of Rougrid {rPois
                  | Str+3 Int-4} (903 gold, have 31).
   340 | D:1      | Reached skill level 1 in Fighting
   340 | D:1      | Reached XP level 2. HP: 23/23 MP: 3/3
   354 | D:1      | 354 ||| Stepping ~*~*~tactically~*~*~ (stealth).
   356 | D:1      | 356 ||| Stepping ~*~*~tactically~*~*~ (stealth).
   567 | D:1      | Reached skill level 2 in Unarmed Combat
   719 | D:1      | 719 ||| Stepping ~*~*~tactically~*~*~ (stealth).
   880 | D:1      | Reached XP level 3. HP: 28/28 MP: 4/4
   975 | D:1      | 975 ||| UPGRADING to +0 leather armour.
   985 | D:1      | 985 ||| DROPPING +0 robe.
   986 | D:1      | 986 ||| READING scroll labelled ENAMU DAZXAANALU.
   987 | D:1      | 987 ||| READING 2 scrolls labelled DOITEW CUXA.
   991 | D:1      | 991 ||| READING scroll labelled JODGHA NOIDU.
   992 | D:1      | 992 ||| DROPPING potion of magic.
  1095 | D:2      | 1095 ||| FLEEEEING.
  1096 | D:2      | 1096 ||| FLEEEEING.
  1097 | D:2      | 1097 ||| FLEEEEING.
  1098 | D:2      | 1098 ||| FLEEEEING.
  1099 | D:2      | 1099 ||| FLEEEEING.
  1100 | D:2      | 1100 ||| FLEEEEING.
  1184 | D:2      | 1184 ||| Stepping ~*~*~tactically~*~*~ (stealth).
  1384 | D:2      | 1384 ||| Stepping ~*~*~tactically~*~*~ (stealth).
  1389 | D:2      | Reached skill level 3 in Unarmed Combat
  1617 | D:2      | Found a hide-covered altar of Uskayaw.
  1637 | D:2      | 1637 ||| UPGRADING to +4 ring mail.
  1647 | D:2      | 1647 ||| DROPPING +0 leather armour.
  1648 | D:2      | 1648 ||| UPGRADING to +0 buckler.
  1653 | D:2      | 1653 ||| READING scroll labelled RAC WETHYPEREO.
  1654 | D:2      | 1654 ||| READING scroll labelled VIESOB YTHUO.
  1655 | D:2      | 1655 ||| READING scroll labelled ARAEN RUWOBLA.
  1656 | D:2      | 1656 ||| DRINKING 2 lumpy golden potions.
  1657 | D:2      | 1657 ||| DRINKING 2 inky potions.
  1742 | D:3      | 1742 ||| Stepping ~*~*~tactically~*~*~ (stealth).
  1757 | D:3      | Reached XP level 4. HP: 28/35 MP: 5/5
  2000 | D:3      | Found a sparkling altar of Nemelex Xobeh.
  2062 | D:3      | 2062 ||| Stepping ~*~*~tactically~*~*~ (hiding).
  2063 | D:3      | 2063 ||| Stepping ~*~*~tactically~*~*~ (hiding).
  2072 | D:3      | 2072 ||| Stepping ~*~*~tactically~*~*~ (outnumbered).
  2073 | D:3      | 2073 ||| STAIRDANCE
  2088 | D:2      | HP: 7/35 [gnoll/+0 whip (4)]
  2089 | D:2      | 2089 ||| READING scroll of teleportation.
  2090 | D:2      | 2090 ||| DRINKING potion of heal wounds.
  2208 | D:3      | 2208 ||| STAIRDANCE
  2213 | D:2      | Reached skill level 4 in Unarmed Combat
  2224 | D:3      | 2224 ||| STAIRDANCE
  2380 | D:3      | 2380 ||| Stepping ~*~*~tactically~*~*~ (hiding).
  2583 | D:3      | You fall into a shaft and drop 1 floor!
  2604 | D:4      | Reached skill level 1 in Shields
  2604 | D:4      | Reached XP level 5. HP: 38/41 MP: 6/6
  2607 | D:4      | 2607 ||| Stepping ~*~*~tactically~*~*~ (outnumbered).
  2612 | D:4      | 2612 ||| Stepping ~*~*~tactically~*~*~ (outnumbered).
  2613 | D:4      | 2613 ||| Stepping ~*~*~tactically~*~*~ (outnumbered).
  2614 | D:4      | 2614 ||| Stepping ~*~*~tactically~*~*~ (outnumbered).
  2615 | D:4      | 2615 ||| Stepping ~*~*~tactically~*~*~ (outnumbered).
  2616 | D:4      | 2616 ||| Stepping ~*~*~tactically~*~*~ (outnumbered).
  2617 | D:4      | 2617 ||| Stepping ~*~*~tactically~*~*~ (outnumbered).
  2618 | D:4      | 2618 ||| Stepping ~*~*~tactically~*~*~ (outnumbered).
  2618 | D:4      | Found a shadowy altar of Dithmenos.
  2619 | D:4      | 2619 ||| Stepping ~*~*~tactically~*~*~ (outnumbered).
  2620 | D:4      | 2620 ||| Stepping ~*~*~tactically~*~*~ (outnumbered).
  2621 | D:4      | 2621 ||| Stepping ~*~*~tactically~*~*~ (outnumbered).
  2622 | D:4      | 2622 ||| Stepping ~*~*~tactically~*~*~ (hiding).
  2623 | D:4      | 2623 ||| Stepping ~*~*~tactically~*~*~ (outnumbered).
  2624 | D:4      | 2624 ||| Stepping ~*~*~tactically~*~*~ (outnumbered).
  2626 | D:4      | 2626 ||| Stepping ~*~*~tactically~*~*~ (outnumbered).
  2627 | D:4      | 2627 ||| Stepping ~*~*~tactically~*~*~ (outnumbered).
  2629 | D:4      | 2629 ||| Stepping ~*~*~tactically~*~*~ (outnumbered).
  2630 | D:4      | 2630 ||| Stepping ~*~*~tactically~*~*~ (outnumbered).
  2631 | D:4      | 2631 ||| Stepping ~*~*~tactically~*~*~ (outnumbered).
  2632 | D:4      | 2632 ||| Stepping ~*~*~tactically~*~*~ (outnumbered).
  2633 | D:4      | 2633 ||| Stepping ~*~*~tactically~*~*~ (outnumbered).
  2640 | D:4      | 2640 ||| Stepping ~*~*~tactically~*~*~ (outnumbered).
  2641 | D:4      | 2641 ||| Stepping ~*~*~tactically~*~*~ (outnumbered).
  2648 | D:4      | 2648 ||| Stepping ~*~*~tactically~*~*~ (outnumbered).
  2651 | D:4      | HP: 10/41 [something/magic dart (8)]
  2660 | D:4      | 2660 ||| DRINKING potion of curing.
  2660 | D:4      | 2660 ||| (to cure confusion)
  2663 | D:4      | HP: 10/41 [something (1)]
  2670 | D:4      | HP: 8/41 [something (2)]
  2673 | D:4      | 2673 ||| Stepping ~*~*~tactically~*~*~ (outnumbered).
  2675 | D:4      | 2675 ||| Stepping ~*~*~tactically~*~*~ (outnumbered).
  2678 | D:4      | HP: 9/41 [jackal (2)]
  2685 | D:4      | HP: 3/41 [something (2)]
  2687 | D:4      | Slain by an orc wizard

Levels and vault maps discovered:
D:1:      eino_arrival_druids_welcome, layout_loops_ring, serial_shops,
          nicolae_square_shop
D:2:      layout_rooms, basic_altar, dk_vineyard_1
D:3:      layout_basic, mainiacjoe_overflow_tiny_flanked
D:4:      minmay_angry_zag, layout_cave_pools, lemuel_doored_altar,
          nicolae_dithmenos_through_a_glass_darkly, vehumet_crystals,
          serial_column_ruins, column_ruins_columns_straight,
          column_ruins_grid_1, column_ruins_columns_T, column_ruins_grid_3,
          minmay_strange_pillars

Skill      XL: |  1  2  3  4 |
---------------+-------------+-----
Unarmed Combat | 1 2 3 4 |  4.6
Fighting       | 1 2 |  2.0
Shields        | 1 |  1.3
Dodging        | |  1.7
Stealth        | |  2.1
Spellcasting   | |  1.7
Conjurations   | |  0.7
Fire Magic     | |  2.4

Action                   |  1- 3 |  4- 6 || total
-------------------------+-------+-------++-------
Melee: Unarmed           |   140 |   107 ||   247
       Punch             |     1 |       ||     1
  Use: Scroll            |     6 |     1 ||     7
       Potion            |     2 |     2 ||     4
 Stab: Sleeping          |     2 |       ||     2
Armor: Robe              |    12 |       ||    12
       Leather armour    |    12 |       ||    12
       Ring mail         |     8 |    53 ||    61
Dodge: Dodged            |    81 |    69 ||   150
Block: Buckler           |     2 |    21 ||    23

Table legend:
 A = Non-vault XP
 B = Vault XP
 C = Vault XP percentage of total XP
 D = Non-vault monster count
 E = Vault monster count
 F = Vault count percentage of total count
                 A         B        C        D         E       F
            +---------+---------+-------+---------+---------+-------
      Total |     252 |       0 |   0.0 |      63 |       0 |   0.0
            +---------+---------+-------+---------+---------+-------
        D:1 |      34 |       0 |   0.0 |      17 |       0 |   0.0
        D:2 |      78 |       0 |   0.0 |      22 |       0 |   0.0
        D:3 |      37 |       0 |   0.0 |      10 |       0 |   0.0
        D:4 |     103 |       0 |   0.0 |      14 |       0 |   0.0
            +---------+---------+-------+---------+---------+-------
